 Dungeon Crawl Stone Soup version 0.32-a0-814-g0968bab981 (webtiles) character file.

Game seed: 3257042239727827428

1003 Griffin23 the Slasher (level 8, 0/70 HPs)
             Began as a Minotaur Fighter on Mar 22, 2024.
             Was a Believer of Okawaru.
             Slain by Pikel
             ... wielding a +1 whip of electrocution
              (8 damage)
             ... on level 5 of the Dungeon.
             The game lasted 00:05:17 (3144 turns).

Griffin23 the Slasher (Minotaur Fighter)            Turns: 3144, Time: 00:05:21

Health: 0/70       AC: 10    Str: 23    XL:     8   Next: 0%
Magic:  6/7        EV: 13    Int:  5    God:    Okawaru [**....]
Gold:   191        SH:  5    Dex: 16    Spells: 7/7 levels left

rFire   . . .        a - +0 long sword
rCold   . . .        c - +0 buckler
rNeg    . . .        b - +0 scale mail
rPois   .            (helmet restricted)
rElec   .            v - +0 cloak {Stlth+}
rCorr   .            (no gloves)
SInv    .            r - +0 pair of boots
Will    +....        (no amulet)
Stlth   +            f - +5 ring of evasion
HPRegen 0.31/turn    i - +6 ring of dexterity
MPRegen 0.10/turn

%: no passive effects
@: brilliant, enlightened, flying
A: horns 2, retaliatory headbutt
a: Renounce Religion, Heroism


You were on level 5 of the Dungeon.
You worshipped Okawaru.
Okawaru was pleased with you.
You visited 1 branch of the dungeon, and saw 5 of its levels.

You collected 191 gold pieces.

Inventory:

Hand Weapons
 a - a +0 long sword (weapon)
Missiles
 w - 6 boomerangs (quivered)
Armour
 b - a +0 scale mail (worn)
 c - a +0 buckler (worn)
 m - a +0 cloak
 r - a +0 pair of boots (worn)
 v - a +0 cloak of stealth (worn)
 y - a +0 chain mail
Jewellery
 f - a +5 ring of evasion (left hand)
 i - a +6 ring of dexterity (right hand)
 k - a ring of willpower
 o - a ring of protection from cold
Wands
 d - a wand of warping (8)
 t - a wand of flame (22)
Scrolls
 j - 2 scrolls of immolation {unknown}
 l - 3 scrolls of poison {unknown}
 n - 3 scrolls of identify {unknown}
 q - a scroll of revelation {unknown}
 z - 2 scrolls of teleportation {unknown}
Potions
 e - a potion of enlightenment
 g - a potion of attraction {unknown}
 h - 2 potions of brilliance
 p - a potion of haste {unknown}
 s - a potion of mutation {unknown}
 u - a potion of curing
 x - a potion of resistance {unknown}
 A - a potion of cancellation {unknown}


   Skills:
 + Level 6.1 Fighting
 * Level 7.3 Long Blades
 + Level 6.2 Armour
 + Level 6.1 Shields


You had 7 spell levels left.
You didn't know any spells.
Your spell library contained the following spells:

 Spells                   Type           Power      Damage    Failure   Level
 Lesser Beckoning         Tloc           0%         N/A       92%         2
 Gell's Gravitas          Tloc           0%         N/A       99%         3
 Teleport Other           Tloc           0%         N/A       99%         3
 Manifold Assault         Tloc           0%         N/A       100%        4
 Dispersal                Tloc           0%         N/A       100%        6
 Disjunction              Tloc           0%         N/A       100%        8


Dungeon Overview and Level Annotations

Branches:
Dungeon (5/15)
 Temple: D:4-7

Altars:
Ashenzari
Kikubaaqudgha
Okawaru
Xom

Annotations:
D:5 Pikel


Innate Abilities, Weirdness & Mutations

You have a pair of horns on your head.
You reflexively headbutt those who attack you in melee.


Message History

You hit Pikel. You headbutt Pikel, but do no damage.
Pikel is moderately wounded.
You block the lemure's attack. You block Pikel's attack.
Your unstable footing causes you to fumble your attack.
The lemure hits you but does no damage. Pikel completely misses you.
You furiously retaliate!
You headbutt Pikel. You block the lemure's attack.
Your unstable footing causes you to fumble your attack.
The lemure hits you but does no damage. Pikel barely misses you.
The lemure closely misses you. You furiously retaliate!
You headbutt the lemure. You barely miss Pikel. Your headbutt misses Pikel.
Pikel is heavily wounded.
The lemure hits you but does no damage.
You hit Pikel but do no damage.
Pikel is heavily wounded.
Pikel completely misses you. The lemure closely misses you.
The lemure hits you but does no damage.
Your unstable footing causes you to fumble your attack.
You block the lemure's attack.
Pikel hits you with a +1 whip of electrocution.
You are electrocuted!
* * * LOW HITPOINT WARNING * * *
It was a potion of brilliance.
You feel clever all of a sudden.
The lemure splashes around in the water.
You block Pikel's attack. You block the lemure's attack.
It was a potion of enlightenment.
You feel very buoyant.
You fly up into the air.
You feel like a meek peon again. The lemure hits you but does no damage.
You block Pikel's attack. The lemure hits you!
* * * LOW HITPOINT WARNING * * *
It was a potion of curing.
You feel better.
The lemure splashes around in the water.
Pikel hits you with a +1 whip of electrocution!
* * * LOW HITPOINT WARNING * * *
You are electrocuted!
You die...
Pikel says, "Another soul for the market."

##### ##... ##...
####..5####
#....55K..#
#...~.5@..##
##..†.~~...#
#....~....#
#........## ###.
########..##.....
##..........
#.......#..
###.##### ##.†#


You could see Pikel and 4 lemures.

Vanquished Creatures
  Grinder (D:3)
  Sigmund (D:2)
  Duvessa (D:4)
  2 ogres
  Dowan (D:4)
  A howler monkey (D:5)
  Crazy Yiuf (D:3)
  An orc priest (D:4)
  Jessica (D:3)
  Ijyb (D:3)
  An orc wizard (D:4)
  8 adders
  3 dart slugs
  A ribbon worm (D:3)
  5 orcs
  9 ball pythons
  8 bats
  5 endoplasms
  3 giant cockroaches
  4 goblins
  5 hobgoblins
  2 jackals (D:1)
  3 quokkas (D:1)
  4 frilled lizards
  9 kobolds
  2 rats (D:1)
83 creatures vanquished.

Notes
Turn   | Place    | Note
-------+----------+-------------------------------------------
     0 | D:1      | Griffin23 the Minotaur Fighter began the quest for the Orb.
     0 | D:1      | Reached XP level 1. HP: 19/19 MP: 0/0
   136 | D:1      | Reached XP level 2. HP: 23/27 MP: 1/1
   344 | D:1      | Reached skill level 3 in Long Blades
   855 | D:2      | Reached XP level 3. HP: 33/33 MP: 2/2
   888 | D:2      | Found a faded altar of an unknown god.
   918 | D:2      | Prayed at the altar of an unknown god.
   918 | D:2      | Became a worshipper of Warmaster Okawaru
   918 | D:2      | Reached * piety under Okawaru
  1099 | D:2      | Noticed Sigmund
  1110 | D:2      | Reached XP level 4. HP: 40/40 MP: 3/3
  1119 | D:2      | Killed Sigmund
  1120 | D:2      | Reached skill level 4 in Long Blades
  1120 | D:2      | Reached XP level 5. HP: 35/47 MP: 4/4
  1584 | D:3      | Found a shimmering altar of Xom.
  1611 | D:3      | Reached skill level 5 in Long Blades
  1611 | D:3      | Noticed Jessica
  1616 | D:3      | Killed Jessica
  1617 | D:3      | Reached XP level 6. HP: 53/55 MP: 5/5
  1623 | D:3      | Noticed Grinder
  1636 | D:3      | Paralysed by Grinder for 5 turns
  1642 | D:3      | Killed Grinder
  1642 | D:3      | Reached ** piety under Okawaru
  1643 | D:3      | Reached skill level 5 in Fighting
  1643 | D:3      | Reached skill level 5 in Armour
  1643 | D:3      | Reached skill level 5 in Shields
  1707 | D:3      | Noticed Ijyb
  1718 | D:3      | Killed Ijyb
  1719 | D:3      | Reached skill level 6 in Long Blades
  1719 | D:3      | Reached XP level 7. HP: 46/61 MP: 6/6
  2018 | D:3      | Found a runed translucent door.
  2019 | D:3      | Noticed Crazy Yiuf
  2024 | D:3      | Killed Crazy Yiuf
  2169 | D:4      | Noticed Duvessa
  2170 | D:4      | Noticed Dowan
  2178 | D:4      | Killed Duvessa
  2189 | D:4      | Killed Dowan
  2205 | D:4      | Found a broken altar of Ashenzari.
  2208 | D:4      | Found an ancient bone altar of Kikubaaqudgha.
  2899 | D:4      | Reached skill level 7 in Long Blades
  3062 | D:5      | Entered Level 5 of the Dungeon
  3097 | D:5      | Reached XP level 8. HP: 56/70 MP: 7/7
  3118 | D:5      | Noticed Pikel
  3144 | D:5      | Slain by Pikel

Illustrated notes

Levels and vault maps discovered:
D:1:      grunt_arrival_crossed_arrows, layout_loops_ring, dk_noncrumbling_4
D:2:      layout_basic, basic_ecumenical_altar, uniq_sigmund
D:3:      layout_rooms, xom_teletrap_fun, uniq_jessica, uniq_ijyb,
          uniq_crazy_yiuf_cottage, uniq_grinder
D:4:      layout_cave_pools, grunt_temple_overflow_open, nicolae_the_louvre,
          uniq_duvessa
D:5:      layout_cave_pools, serial_rivers, chequers_serial_rivers_micro_e,
          chequers_serial_rivers_micro_b, chequers_serial_rivers_micro_c,
          chequers_serial_rivers_room_a, serial_shops,
          nicolae_shop_pleasant_corner_grove, nicolae_shop_tiny_real_fake_doors,
          nicolae_shop_industrial_runoff, nicolae_shop_bloodbath_and_beyond,
          uniq_pikel

Skill      XL: |  1  2  3  4  5  6  7 |
---------------+----------------------+-----
Long Blades    | 3 4 5 6 7 |  7.3
Armour         | 4 5 6 |  6.2
Fighting       | 4 5 6 |  6.1
Shields        | 4 5 6 |  6.1

Action                     |  1- 3 |  4- 6 |  7- 9 || total
---------------------------+-------+-------+-------++-------
  Melee: Long sword        |    95 |    44 |    98 ||   237
         Headbutt          |    10 |     6 |    20 ||    36
 Invoke: Heroism           |       |       |     2 ||     2
    Use: Potion            |     1 |       |     3 ||     4
 Armour: Scale mail        |    64 |    24 |    54 ||   142
  Dodge: Dodged            |    81 |    27 |    76 ||   184
  Block: Buckler           |    21 |    12 |    30 ||    63

Table legend: (Time is in decaauts)
 A = Elapsed time spent in this place.
 B = Non-inter-level travel time spent in this place.
 C = Inter-level travel time spent in this place.
 D = Time resting spent in this place.
 E = Time spent auto-exploring this place.
 F = Levels seen in this place.
 G = Mean time per level.
                   A        B        C        D        E       F      G
               +--------+--------+--------+--------+--------+-----+--------+
         Total |   3186 |   2904 |    282 |    362 |   1916 |   5 |  637.2 |
       Dungeon |   3186 |   2904 |    282 |    362 |   1916 |   5 |  637.2 |
               +--------+--------+--------+--------+--------+-----+--------+

Top non-repeatable levels by time:
     D:3: 867 daAuts
     D:1: 846 daAuts
     D:2: 727 daAuts
     D:4: 661 daAuts
     D:5: 84 daAuts
